cohdb
Replays
Latest Replays
All Replays
Popular Replays
Top Player Replays
Match Explorer
How It Works
Community
CoH3 Stats
Reddit
Sign in to upload your games and track your stats! →
Sign in with Steam
Match 41531854
Unlisted
Match 41531854
Overview
Messages
Build Orders
End
Kettenkrad Recon Vehicle
Construct Infanterie Kompanie
Selects Terror Battlegroup
Selects Machine Gun Camouflage
MG 42 Machine Gun Team
Grenadier Squad
Grenadier Squad
MG 42 Machine Gun Team
Selects Contempt for the Weak
Construct Luftwaffe Kompanie
Medical Station
Jäger Squad
Pioneer Squad
Support Elements
GrW 34 Mortar Team
Selects No Quarter
Wirbelwind Flakpanzer
Jäger Squad
BeerGrills
eliass0101
JLODGE
Hydra7-1
0
0
Comments
sign in to comment!
No comments posted yet!